 Dungeon Crawl Stone Soup version 0.28-a0-60-g54b5640690 (webtiles) character file.

Game seed: 5171327683811300372

469 mcsnuffy the Conjurer (level 7, 3/43 HPs)
             Began as a Tengu Conjurer on July 30, 2021.
             Was an Initiate of Vehumet.
             Quit the game on level 5 of the Dungeon.
             The game lasted 00:34:22 (4803 turns).

mcsnuffy the Conjurer (Tengu Conjurer)              Turns: 4803, Time: 00:34:22

Health: 3/43       AC:  5    Str: 13    XL:     7   Next: 9%
Magic:  6/13       EV: 14    Int: 20    God:    Vehumet [......]
Gold:   60         SH: 10    Dex: 13    Spells: 9/12 levels left

rFire   + . .      SeeInvis .   q - +1 short sword (protect)
rCold   . . .      Faith    .   c - +0 buckler
rNeg    . . .      Spirit   .   g - +2 leather armour {rF+}
rPois   .          Reflect  +   (helmet restricted)
rElec   .          Harm     .   x - scarf {repulsion}
rCorr   .          Rampage  .   (no gloves)
Will    .....                   (boots unavailable)
Stlth   ++........              h - amulet of reflection
HPRegen 0.14/turn               S - +6 ring of strength
MPRegen 0.13/turn               (no ring)

@: lethally poisoned (3 -> -1), about to teleport, flying quickly and evasively,
slowed, repel missiles, very slow
A: beak, talons 3, nimble flight
a: Renounce Religion


You were on level 5 of the Dungeon.
You worshipped Vehumet.
Vehumet was noncommittal.
You visited 2 branches of the dungeon, and saw 6 of its levels.

You collected 210 gold pieces.
You spent 150 gold pieces at shops.


Innate Abilities, Weirdness & Mutations

You have a beak for a mouth.
You have claws for feet.
Your magical nature lets you fly swiftly and evasively.


   Skills:
 - Level 4.0 Fighting
 - Level 2.1 Dodging
 - Level 2.0 Stealth
 - Level 4.0 Shields
 + Level 3.4 Spellcasting
 - Level 6.1 Conjurations


You had 9 spell levels left.
You knew the following spells:

 Your Spells              Type           Power      Damage    Failure   Level
m - Magic Dart            Conj           100%       1d8       1%          1
s - Searing Ray           Conj           56%        3d5       1%          2

Your spell library contained the following spells:

 Spells                   Type           Power      Damage    Failure   Level
 Dazzling Flash           Conj/Hex       30%        N/A       14%         3
 Fulminant Prism          Conj/Hex       7%         3d7       43%         4
 Iskenderun's Mystic Bla  Conj/Tloc      15%        2d5       43%         4
 Gell's Gravitas          Tloc           1%         N/A       45%         3
 Lesser Beckoning         Tloc           1%         N/A       45%         3
 Teleport Other           Tloc           3%         N/A       45%         3

Inventory:

Hand Weapons
 b - a +0 hand axe
 n - a +0 short sword
 q - a +1 short sword of protection (weapon)
Missiles
 v - 16 poisoned darts
Armour
 a - a +0 robe
 c - a +0 buckler (worn)
 g - a +2 leather armour of fire resistance (worn)
 x - a scarf of repulsion (worn)
Magical Staves
 j - a staff of air {!a}
Jewellery
 h - an amulet of reflection (around neck)
 S - a +6 ring of strength (left hand)
Wands
 u - a wand of paralysis (14)
Scrolls
 e - 4 scrolls of amnesia
 f - a scroll of acquirement {unknown}
 i - 3 scrolls of identify {unknown}
 l - 2 scrolls of immolation {unknown}
 m - 2 scrolls of teleportation {@r2}
 o - 3 scrolls of fog {unknown}
 p - 2 scrolls of magic mapping {unknown}
 s - a scroll of holy word {unknown}
 t - a scroll of torment {unknown}
 w - a scroll of enchant armour {unknown}
Potions
 d - a potion of invisibility {unknown}
 k - a potion of curing {unknown}
 r - a potion of degeneration {unknown}

Dungeon Overview and Level Annotations

Branches:
Dungeon (5/15)             Temple (1/1) D:5

Altars:
Cheibriados
Elyvilon
Hepliaklqana
Kikubaaqudgha
Ru
Sif Muna
Vehumet
Wu Jian
Yredelemnul

Shops:
D:5

[ #...##.....#
#...##.....#.......
#..........#......:
#..........#...[...
#^.........#.......
#.........<#.......
#..........#.......
.....#..........#.......
.....#.......<..@y......
.....#...########.......
[....#...#..............
.....#...#..............
.....#...)..............
.....#####.......#######
.................#
.................#
.................#


You could see a hornet.


Message History

The searing ray hits the hornet.
The hornet is moderately wounded.
The hornet stings you.
You are poisoned.
You feel yourself slow down. You block the hornet's attack.
The searing ray hits the hornet!
The hornet is heavily wounded.
You feel very sick. You block the hornet's attack. x2
The searing ray hits the hornet!
The hornet is severely wounded.
You finish channeling your searing ray.
You feel yourself speed up.
You feel very sick. The hornet stings you!
You feel yourself slow down. The hornet stings you!
* * * LOW HITPOINT WARNING * * *
You feel as though you will be slow longer.
As you read the scroll of teleportation {@r2}, it crumbles to dust.
You feel strangely unstable.
You feel sick. You block the hornet's attack. The hornet stings you!
* * * LOW HITPOINT WARNING * * *
You feel as though you will be slow longer.
You block the hornet's attack.
Unknown command.
Char dumped successfully.
Okay, then.
Are you sure you want to abandon this character and quit the game? (Confirm with "yes".)

Skill      XL: |  1  2  3  4  5  6 |
---------------+-------------------+-----
Conjurations   | 6 |  6.1
Fighting       | 1 2 4 |  4.0
Shields        | 1 3 4 |  4.0
Spellcasting   | 3 |  3.4
Dodging        | |  2.1
Stealth        | |  2.0

Action                   |  1- 3 |  4- 6 |  7- 9 || total
-------------------------+-------+-------+-------++-------
Melee: Unarmed           |    16 |       |       ||    16
       Peck              |     4 |     1 |       ||     5
       Kick              |     1 |       |       ||     1
       Short sword       |     2 |     4 |       ||     6
 Cast: Magic Dart        |    75 |    80 |     3 ||   158
       Searing Ray       |       |     8 |     1 ||     9
  Use: Scroll            |     1 |     1 |     1 ||     3
       Potion            |       |     3 |       ||     3
Armor: Robe              |     4 |       |       ||     4
Dodge: Dodged            |    21 |     7 |       ||    28
Block: Other             |     4 |       |       ||     4
       Buckler           |     3 |     6 |     5 ||    14
       Reflection        |       |     1 |       ||     1

Levels and vault maps discovered:
D:1:      lemuel_arrival_hallway, layout_basic,
          hellmonk_ecumenical_altar_lost_god, due_unseen_surprise
D:2:      layout_basic
D:3:      layout_basic
D:4:      layout_loops_cross
D:5:      minmay_diamond_boxcup, layout_gridville, minmay_temple_entry_trees,
          serial_shops, shop
Temple:   compressed_dpeg_circular_temple

Notes
Turn   | Place    | Note
-------+----------+-------------------------------------------
     0 | D:1      | mcsnuffy the Tengu Conjurer began the quest for the Orb.
     0 | D:1      | Reached XP level 1. HP: 10/10 MP: 4/4
   274 | D:1      | Reached XP level 2. HP: 15/15 MP: 0/6
   365 | D:1      | Found a faded altar of an unknown god.
   367 | D:1      | Reached skill level 6 in Conjurations
   369 | D:1      | >>;
   787 | D:2      | Reached skill level 1 in Fighting
   848 | D:2      | Reached XP level 3. HP: 20/20 MP: 5/7
  1013 | D:2      | Learned a level 2 spell: Searing Ray
  1133 | D:2      | Reached skill level 2 in Fighting
  1489 | D:2      | Reached skill level 1 in Shields
  1521 | D:2      | Reached XP level 4. HP: 26/26 MP: 3/8
  2065 | D:3      | Reached skill level 2 in Shields
  2377 | D:3      | Reached skill level 3 in Shields
  2377 | D:3      | Gained mutation: Your magical nature lets you fly swiftly
                  | and evasively. [Tengu growth]
  2377 | D:3      | Reached XP level 5. HP: 30/30 MP: 3/9
  3226 | D:4      | Reached skill level 4 in Shields
  3421 | D:4      | Reached XP level 6. HP: 36/36 MP: 6/10
  3422 | D:4      | Reached skill level 3 in Fighting
  3990 | D:5      | Entered Level 5 of the Dungeon
  4004 | D:5      | HP: 5/57 [poisoned by a scorpion]
  4007 | D:5      | HP: 2/57 [poisoned by a scorpion]
  4322 | D:5      | Found Bahaamieh's Antique Armour Shoppe.
  4325 | D:5      | Bought a dyed leather armour for 150 gold pieces
  4389 | D:5      | Reached skill level 4 in Fighting
  4441 | D:5      | Found a staircase to the Ecumenical Temple.
  4480 | Temple   | Entered the Ecumenical Temple
  4534 | Temple   | Became a worshipper of Vehumet
  4698 | D:5      | Reached skill level 3 in Spellcasting
  4698 | D:5      | Reached XP level 7. HP: 43/43 MP: 3/13
  4794 | D:5      | Noticed a hornet
  4802 | D:5      | HP: 3/43 [hornet (7)]
  4803 | D:5      | Quit the game

Vanquished Creatures
  An ogre (D:5)
  2 scorpions
  A hound (D:4)
  A bullfrog skeleton (D:3)
  2 orc wizards (D:5)
  6 adders
  A white imp (D:5)
  A worm (D:4)
  2 dart slugs (D:2)
  6 orcs (D:5)
  5 bats (D:2)
  6 endoplasms
  A giant cockroach (D:2)
  8 goblins
  10 hobgoblins
  4 jackals (D:1)
  4 quokkas
  9 ball pythons
  3 frilled lizards
  10 kobolds
  6 rats
89 creatures vanquished.

Table legend: (Time is in decaauts)
 A = Elapsed time spent in this place.
 B = Non-inter-level travel time spent in this place.
 C = Inter-level travel time spent in this place.
 D = Time resting spent in this place.
 E = Time spent auto-exploring this place.
 F = Levels seen in this place.
 G = Mean time per level.
                   A        B        C        D        E       F      G
               +--------+--------+--------+--------+--------+-----+--------+
         Total |   4668 |   4589 |     79 |    854 |   2498 |   6 |  778.0 |
       Dungeon |   4610 |   4531 |     79 |    854 |   2463 |   5 |  922.0 |
        Temple |     57 |     57 |      0 |      0 |     35 |   1 |   57.0 |
               +--------+--------+--------+--------+--------+-----+--------+

Top non-repeatable levels by time:
     D:2: 1175 daAuts
     D:3: 1088 daAuts
     D:4: 841 daAuts
     D:1: 778 daAuts
     D:5: 727 daAuts
  Temple: 57 daAuts

Table legend:
 A = Non-vault XP
 B = Vault XP
 C = Vault XP percentage of total XP
 D = Non-vault monster count
 E = Vault monster count
 F = Vault count percentage of total count
                 A         B        C        D         E       F
            +---------+---------+-------+---------+---------+-------
      Total |     671 |       0 |   0.0 |      89 |       0 |   0.0
            +---------+---------+-------+---------+---------+-------
        D:1 |      29 |       0 |   0.0 |      18 |       0 |   0.0
        D:2 |      75 |       0 |   0.0 |      29 |       0 |   0.0
        D:3 |      86 |       0 |   0.0 |      15 |       0 |   0.0
        D:4 |     174 |       0 |   0.0 |      16 |       0 |   0.0
        D:5 |     307 |       0 |   0.0 |      11 |       0 |   0.0
            +---------+---------+-------+---------+---------+-------
